 Dungeon Crawl Stone Soup version 0.22-a0-135-g6f012ad (webtiles) character file.

6591 tilp the Spear-Bearer (level 11, -2/81 HPs)
             Began as a Merfolk Ice Elementalist on Jan 31, 2018.
             Was a Believer of Makhleb.
             Slain by a red ugly thing (11 damage)
             ... on level 11 of the Dungeon on Feb 1, 2018.
             The game lasted 00:43:48 (15670 turns).

tilp the Spear-Bearer (Merfolk Ice Elementalist)   Turns: 15670, Time: 00:43:49

Health: -2/81      AC:  6    Str:  9    XL:     11   Next: 2%
Magic:  12/20      EV: 14    Int: 17    God:    Makhleb [**....]
Gold:   529        SH:  0    Dex: 17    Spells: 16/22 levels left

rFire    + . .     SeeInvis .   A - +8 trident of the Past {drain, rF+}
rCold    . . .     Gourm    .   (no shield)
rNeg     . . .     Faith    .   a - +0 robe
rPois    .         Spirit   .   t - +1 helmet
rElec    .         Reflect  .   n - scarf {repulsion}
rCorr    .         Harm     .   v - +0 pair of gloves
MR       .....                  r - +0 pair of boots
Stlth    ++........             (no amulet)
HPRegen  0.23/turn              B - +2 ring of dexterity
MPRegen  0.17/turn              o - +2 ring of slaying

@: repel missiles
A: change form in water, swift swim, stealthy swim
a: Minor Destruction, Renounce Religion


You were on level 11 of the Dungeon.
You worshipped Makhleb.
Makhleb was pleased with you.
You were not hungry.

You visited 2 branches of the dungeon, and saw 12 of its levels.

You collected 653 gold pieces.
You spent 124 gold pieces at shops.

Inventory:

Hand Weapons
 e - a +2 short sword of protection
 s - a +2 vampiric dagger
 A - the +8 trident of the Past (weapon) {drain, rF+}
   (You found it on level 8 of the Dungeon)

   A truly terrible weapon, it drains the life of those it strikes.
   It protects you from fire.
 C - a +0 spear
Missiles
 E - 5 tomahawks (quivered)
Armour
 a - a +0 robe (worn)
 n - a scarf of repulsion (worn)
 q - a +2 robe of fire resistance
 r - a +0 pair of boots (worn)
 t - a +1 helmet (worn)
 v - a +0 pair of gloves (worn)
 I - a +0 buckler
 L - a scarf of cloud immunity
Jewellery
 j - an uncursed ring of protection from fire
 o - a +2 ring of slaying (right hand)
 B - a +2 ring of dexterity (left hand)
 F - an uncursed ring of protection from fire
 M - an uncursed ring of flight {unknown}
Wands
 y - a wand of acid (10)
 G - a wand of digging (13)
 J - a wand of enslavement (8)
 Q - a wand of scattershot (11)
Scrolls
 d - 2 scrolls of immolation
 f - a scroll of magic mapping
 i - 3 scrolls of enchant weapon
 k - 5 scrolls of teleportation
 m - 4 scrolls of remove curse
 w - 3 scrolls of amnesia
 D - 2 scrolls of fog
 O - a scroll of identify
Potions
 g - 6 potions of resistance
 h - 7 potions of curing
 l - a potion of agility
 p - 3 potions of mutation
 u - 3 potions of brilliance
 x - a potion of haste
 z - a potion of lignification {unknown}
 K - a potion of magic {unknown}
 N - 2 potions of heal wounds {unknown}
 P - a potion of berserk rage {unknown}
Books
 b - a book of Frost

   Spells                             Type                      Level
   a - Freeze                         Ice                          1
   b - Throw Frost                    Conjuration/Ice              2
   c - Ozocubu's Armour               Charms/Ice                   3
   d - Throw Icicle                   Conjuration/Ice              4
   e - Summon Ice Beast               Ice/Summoning                4
 H - a book of Conjurations

   Spells                             Type                      Level
   a - Magic Dart                     Conjuration                  1
   b - Searing Ray                    Conjuration                  2
   c - Dazzling Spray                 Conjuration/Hexes            3
   d - Fulminant Prism                Conjuration/Hexes            4
   e - Force Lance                    Conjuration/Translocation    4
   f - Iskenderun's Mystic Blast      Conjuration                  4
Comestibles
 c - 12 rations
 R - 3 chunks of flesh


   Skills:
 - Level 6.2 Fighting
 - Level 14.2 Polearms
 - Level 4.3 Dodging
 - Level 2.1 Stealth
 - Level 4.0 Shields
 - Level 6.1 Spellcasting
 - Level 0.7 Conjurations
 - Level 4.0 Charms
 - Level 7.1 Ice Magic
 + Level 2.8 Invocations


You had 16 spell levels left.
You knew the following spells:

 Your Spells              Type           Power        Failure   Level  Hunger
a - Freeze                Ice            ####         1%          1    None
b - Throw Frost           Conj/Ice       ###...       3%          2    None
c - Ozocubu's Armour      Chrm/Ice       ###.....     3%          3    ##.....


Dungeon Overview and Level Annotations

Branches:
Dungeon (11/15)            Temple (1/1) D:6            Lair (0/6) D:11
    Orc (0/2) D:11

Altars:
Ashenzari
Cheibriados
Dithmenos
Elyvilon
Fedhas
Gozag
Hepliaklqana
Kikubaaqudgha
Makhleb
Nemelex Xobeh
Okawaru
Qazlal
Ru
Sif Muna
Trog
Uskayaw
Vehumet
Wu Jian
Xom
Yredelemnul
Zin
The Shining One

Shops:
D:9 *   D:11 *[}

Annotations:
D:7 Demitroll's ghost, novice DEIE
D:8 ThereIsNoGod's ghost, novice DsVM
D:9 tsouns's ghost, novice GnAE
D:11 exclusion: ugly thing


Message History

The heat melts your icy armour.
You puncture the red ugly thing!
The red ugly thing is moderately wounded.
The troll misses you. The troll claws you but does no damage.
The troll claws you.
You closely miss the red ugly thing.
The red ugly thing is moderately wounded.
The red ugly thing trunk-slaps you.
You are engulfed in flames!
Your icy armour melts away.
You resist.
* * * LOW HITPOINT WARNING * * *
Unknown command.
The red ugly thing trunk-slaps you!
* * * LOW HITPOINT WARNING * * *
You are engulfed in flames.
You resist.
* * * LOW HITPOINT WARNING * * *
Unknown command.
Okay, then.
The red ugly thing trunk-slaps you!
You die...

≈.≈≈.).....# #+#≈......[# ###
*** +∩'.......######$#
*,*******
#+#≈##....##.....#####,,,,,,,*
≈.≈≈##....##.....#...#,,,,,,,*
#...########....(...<#,,,,,,,*
#................†...#,,,,,,,*
#..........÷...u.....#,>,,,,,*
+..............T@....#,,,,,,,*
##..##..#..#...###...#*,**,,,*
#.∩###..########**...#*,******
.........# *,,.....,,*
.........# *,,,....∩,*
....."...# *,,,.....,*
##..T...?# **,,,,,,.**
*#......## *********
*#......#****


You could see a red ugly thing and a troll.

Vanquished Creatures
  A two-headed ogre (D:10)
  An unseen horror (D:10)
  A hippogriff (D:10)
  The ghost of DEFE the Chucker, an amateur DEAM (D:4)
  A basilisk (D:8)
  A hungry ghost (D:11)
  Duvessa (D:6)
  2 water moccasins
  An orc warrior (D:7)
  2 ice beasts
  3 sky beasts
  A black bear (D:10)
  10 ogres
  2 centaurs (D:8)
  A big kobold (D:9)
  5 bullfrogs
  Dowan (D:6)
  2 scorpions
  A wyvern skeleton (D:10)
  14 wights
  A bullfrog zombie (D:6)
  3 howler monkeys
  7 crimson imps
  3 hounds
  A gnoll shaman (D:7)
  4 orc priests
  Crazy Yiuf (D:2)
  A bullfrog skeleton (D:7)
  2 jellies
  10 orc wizards
  A centaur skeleton (D:4)
  Jessica (D:2)
  10 worker ants
  3 iguanas
  A worker ant zombie (D:7)
  Robin (D:2)
  A howler monkey skeleton (D:5)
  4 gnolls
  9 adders
  3 adder skeletons
  8 worms
  A dart slug (D:1)
  3 leopard geckos
  28 orcs
  2 ball pythons (D:2)
  7 giant cockroaches
  16 goblins
  11 hobgoblins
  10 jackals
  3 quokkas
  A ball python skeleton (D:4)
  11 bats
  4 frilled lizards
  12 kobolds
  2 rats
238 creatures vanquished.

Notes
Turn   | Place    | Note
-------+----------+-------------------------------------------
     0 | D:1      | tilp the Merfolk Ice Elementalist began the quest for the Orb.
     0 | D:1      | Reached XP level 1. HP: 13/13 MP: 3/3
   237 | D:1      | Reached XP level 2. HP: 15/19 MP: 3/5
   241 | D:1      | Learned a level 2 spell: Throw Frost
   965 | D:1      | Reached XP level 3. HP: 24/24 MP: 1/6
  1586 | D:2      | Found a faded altar of an unknown god.
  1660 | D:2      | Found a shadowy altar of Dithmenos.
  1663 | D:2      | Reached skill level 5 in Ice Magic
  1752 | D:2      | Noticed Robin
  1758 | D:2      | Reached XP level 4. HP: 18/30 MP: 5/7
  1946 | D:2      | Killed Robin
  2245 | D:2      | Found a bloodstained altar of Trog.
  2284 | D:2      | Noticed Jessica
  2502 | D:2      | Learned a level 3 spell: Ozocubu's Armour
  2528 | D:2      | Reached XP level 5. HP: 27/35 MP: 5/8
  2836 | D:2      | Found a runed door.
  2881 | D:2      | Killed Jessica
  3857 | D:4      | Noticed DEFE's ghost (amateur DEAM)
  3875 | D:4      | Found an ornate altar of the Wu Jian Council.
  3920 | D:4      | Reached XP level 6. HP: 32/41 MP: 1/9
  4200 | D:4      | Reached skill level 1 in Charms
  4834 | D:3      | Found a glowing silver altar of Zin.
  5049 | D:4      | Reached XP level 7. HP: 24/46 MP: 7/10
  5054 | D:4      | Reached skill level 1 in Fighting
  5863 | D:5      | Entered Level 5 of the Dungeon
  6289 | D:5      | Reached skill level 3 in Polearms
  6385 | D:5      | Found a basalt altar of Yredelemnul.
  6442 | D:5      | Reached skill level 4 in Polearms
  6442 | D:5      | Reached XP level 8. HP: 17/60 MP: 3/11
  6445 | D:5      | Reached skill level 5 in Polearms
  6831 | D:5      | Reached skill level 6 in Polearms
  7181 | D:6      | Noticed Dowan
  7213 | D:6      | Noticed Duvessa
  7523 | D:6      | Reached skill level 7 in Polearms
  7626 | D:6      | Found a hide-covered altar of Uskayaw.
  7626 | D:6      | Found a snail-covered altar of Cheibriados.
  7628 | D:6      | Found a radiant altar of Vehumet.
  7705 | D:6      | Found a staircase to the Ecumenical Temple.
  7715 | Temple   | Entered the Ecumenical Temple
  7795 | Temple   | Became a worshipper of Makhleb the Destroyer
  7841 | D:6      | Reached skill level 8 in Polearms
  7964 | D:6      | Reached skill level 9 in Polearms
  8610 | D:6      | Killed Dowan
  8610 | D:6      | Reached skill level 10 in Polearms
  8893 | D:7      | Reached XP level 9. HP: 50/65 MP: 12/12
  9195 | D:7      | Reached skill level 11 in Polearms
  9970 | D:7      | Reached skill level 12 in Polearms
 10588 | D:7      | Reached skill level 5 in Fighting
 11102 | D:8      | Noticed ThereIsNoGod's ghost (novice DsVM)
 11334 | D:8      | Got a transparent trident
 11335 | D:8      | Identified the +8 trident of the Past {drain, rF+} (You found it on level 8 of the Dungeon)
 11394 | D:7      | Reached * piety under Makhleb
 11926 | D:8      | Found an opulent altar of Gozag.
 11936 | D:8      | Reached XP level 10. HP: 75/76 MP: 10/15
 12400 | D:2      | Noticed Crazy Yiuf
 12406 | D:2      | Killed Crazy Yiuf
 12570 | D:4      | Killed DEFE's ghost
 12570 | D:4      | Reached skill level 13 in Polearms
 12656 | D:6      | Killed Duvessa
 12911 | D:7      | Noticed Demitroll's ghost (novice DEIE)
 13514 | D:9      | Noticed tsouns's ghost (novice GnAE)
 14124 | D:9      | Reached ** piety under Makhleb
 14217 | D:9      | Found Ymopimpe's Assorted Antiques.
 14221 | D:9      | Bought a scroll of identify for 62 gold pieces
 14221 | D:9      | Bought a scroll of identify for 62 gold pieces
 14339 | D:10     | Entered Level 10 of the Dungeon
 14370 | D:10     | Reached skill level 5 in Spellcasting
 14612 | D:10     | Noticed a two-headed ogre
 14922 | D:10     | Killed an unseen horror
 14922 | D:10     | Reached skill level 14 in Polearms
 14924 | D:10     | HP: 3/76 [hippogriff (5)]
 15234 | D:10     | Killed a two-headed ogre
 15535 | D:11     | Noticed a cyan ugly thing
 15579 | D:11     | Reached skill level 1 in Invocations
 15581 | D:11     | Found Geegg's Gadget Shop.
 15589 | D:11     | Reached XP level 11. HP: 81/81 MP: 20/20
 15611 | D:11     | Found Nofoul's Armour Shoppe.
 15640 | D:11     | Found Betuss's General Store.
 15663 | D:11     | Noticed a red ugly thing
 15670 | D:11     | Slain by a red ugly thing

Vault maps used:
D:1:      matt_arrival_refuge
D:2:      nicolae_dithmenos_shadow_blocks, bloody_trog, serial_co_window_serial,
          co_window_paths_a, co_window_of_opportunity_a, co_window_corner_a,
          co_window_paths_a, co_window_paths_a, co_window_paths_a,
          co_window_corner_a, co_window_broadway_b, co_window_of_opportunity_b,
          co_window_corner_b, glass_columns_b, glass_columns_a, glass_columns_b,
          glass_columns_c, chequers_ecumenical_altar_simple_redux, uniq_jessica,
          uniq_crazy_yiuf_cottage, uniq_robin
D:3:      lemuel_upstairs_altar, first_ration
D:4:      minmay_opposing_rooms, lemuel_round_altar
D:5:      yredelemnul_altar_generic
D:6:      nicolae_overflow_hidden_temple, minmay_temple_entry_purple_smoke,
          uniq_duvessa
D:8:      lemuel_round_altar
D:9:      serial_shops, shop
D:11:     erik_lair_dragon, kennysheep_orc_monster_closet_entryway,
          serial_shops, shop, shop, shop, shop, kennysheep_mini_moat,
          enter_bailey_3
Temple:   nicolae_temple_great_sept

Skill      XL: |  1  2  3  4  5  6  7  8  9 10 |
---------------+-------------------------------+-----
Ice Magic      | 4 5 6 7 |  7.1
Charms         | 4 |  4.0
Fighting       | 4 6 |  6.2
Polearms       | 4 10 12 14 | 14.2
Dodging        | 4 |  4.3
Spellcasting   | 3 6 |  6.1
Shields        | 4 |  4.0
Invocations    | 2 |  2.8
Stealth        | |  2.1
Conjurations   | |  0.7

Action                   |  1- 3 |  4- 6 |  7- 9 | 10-12 || total
-------------------------+-------+-------+-------+-------++-------
Melee: Short sword       |    93 |   232 |   406 |       ||   731
       Trident           |       |       |    40 |   158 ||   198
Throw: Stone             |       |       |     1 |       ||     1
       Tomahawk          |       |       |       |    21 ||    21
 Cast: Freeze            |    17 |    37 |   124 |    11 ||   189
       Throw Frost       |     2 |     7 |    30 |    13 ||    52
       Ozocubu's Armour  |       |    10 |    35 |    11 ||    56
Evoke: Wand              |       |       |     6 |     4 ||    10
  Use: Scroll            |       |       |     9 |     9 ||    18
 Stab: Sleeping          |     3 |     5 |     2 |     7 ||    17
       Paralysed         |       |       |    15 |       ||    15
  Eat: Chunk             |     3 |    11 |    30 |     4 ||    48
       Ration            |       |     1 |     1 |     3 ||     5
Armor: Robe              |    31 |    69 |   191 |    23 ||   314
Dodge: Dodged            |    88 |   138 |   257 |    63 ||   546
       Deflected         |       |       |     7 |     4 ||    11

Table legend:
 A = Spawn XP
 B = Non-spawn XP
 C = Spawn XP percentage of total XP
 D = Spawn monster count
 E = Non-spawn monster count
 F = Spawn count percentage of total count
 G = Total turns spent on level
                    A         B        C        D         E        F      G
               +---------+---------+-------+---------+---------+-------+---------
         Total |       0 |    9417 |   0.0 |       0 |     238 |   0.0 | 15670
               +---------+---------+-------+---------+---------+-------+---------
           D:1 |       0 |      47 |   0.0 |       0 |      26 |   0.0 |  1588
           D:2 |       0 |     204 |   0.0 |       0 |      41 |   0.0 |  1578
           D:3 |       0 |      49 |   0.0 |       0 |      15 |   0.0 |   868
           D:4 |       0 |     670 |   0.0 |       0 |      21 |   0.0 |  2138
           D:5 |       0 |     828 |   0.0 |       0 |      22 |   0.0 |  1622
           D:6 |       0 |     926 |   0.0 |       0 |      21 |   0.0 |  1493
           D:7 |       0 |    1039 |   0.0 |       0 |      25 |   0.0 |  2328
           D:8 |       0 |    1485 |   0.0 |       0 |      24 |   0.0 |  1841
           D:9 |       0 |     775 |   0.0 |       0 |      21 |   0.0 |   792
          D:10 |       0 |    2910 |   0.0 |       0 |      18 |   0.0 |  1234
          D:11 |       0 |     484 |   0.0 |       0 |       4 |   0.0 |    97
               +---------+---------+-------+---------+---------+-------+---------
